 Dungeon Crawl Stone Soup version 0.27-a0-343-gfcad680f63 (webtiles) character file.

Game seed: 4705095371581523973

476 tilp the Insei (level 7, 0/48 HPs)
             Began as an Octopode Transmuter on Feb 14, 2021.
             Slain by a leopard gecko (4 damage)
             ... on level 4 of the Dungeon.
             The game lasted 00:06:09 (4159 turns).

tilp the Insei (Octopode Transmuter)                Turns: 4159, Time: 00:06:09

Health: 0/48       AC:  1    Str:  9    XL:     7   Next: 10%
Magic:  10/10      EV: 13    Int: 17    God:
Gold:   275        SH:  5    Dex: 13    Spells: 7/10 levels left

rFire    . . .     SeeInvis .     - Unarmed
rCold    . . .     Faith    .   (no shield)
rNeg     + . .     Spirit   .   (helmet restricted)
rPois    .         Reflect  +   i - amulet of reflection
rElec    .         Harm     .   d - ring of positive energy
rCorr    .         Rampage  .   (no ring)
Will     .....                  (no ring)
Stlth    +++.......             (no ring)
HPRegen  0.16/turn              (no ring)
MPRegen  0.12/turn              (no ring)
                                (no ring)
                                (no ring)

@: lethally poisoned (0 -> -2)
A: almost no armour, stealthy swim, amphibious, 8 rings, constrict 8, camouflage
1, gelatinous body 1
a: no special abilities


You were on level 4 of the Dungeon.
You visited 1 branch of the dungeon, and saw 4 of its levels.

You collected 275 gold pieces.

Inventory:

Missiles
 c - 19 poisoned darts (quivered)
 e - 133 stones
 q - a throwing net
 t - 4 boomerangs
Jewellery
 d - a ring of positive energy (left tentacle)
 i - an amulet of reflection (around mantle)
Wands
 s - a wand of random effects (18)
Scrolls
 b - a scroll of fear
 h - 2 scrolls of teleportation
 j - a scroll of immolation {unknown}
 k - a scroll of fog {unknown}
 n - 2 scrolls of enchant armour
 o - a scroll of random uselessness {unknown}
 r - a scroll of blinking {unknown}
Potions
 a - 2 potions of heal wounds
 f - 2 potions of brilliance
 g - 5 potions of curing
 l - a potion of haste
 m - a potion of attraction
 p - a potion of berserk rage {unknown}


   Skills:
 - Level 4.0 Fighting
 - Level 2.0 Dodging
 - Level 4.0 Stealth
 - Level 6.0 Unarmed Combat
 - Level 2.0 Spellcasting
 + Level 2.0 Transmutations


You had 7 spell levels left.
You knew the following spells:

 Your Spells              Type           Power        Failure   Level
a - Beastly Appendage     Tmut           16%          9%          1
b - Wereblood             Tmut           8%           13%         2

Your spell library contained the following spells:

 Spells                   Type           Power        Failure   Level
 Spider Form              Tmut/Pois      2%           36%         3
 Confusing Touch          Hex            1%           50%         3
 Gell's Gravitas          Tloc           0%           50%         3
 Ice Form                 Ice/Tmut       5%           77%         4
 Petrify                  Tmut/Erth      5%           77%         4
 Blade Hands              Tmut           4%           93%         5
 Yara's Violent Unravell  Hex/Tmut       2%           98%         5
 Metabolic Englaciation   Hex/Ice        0%           99%         5


Dungeon Overview and Level Annotations

Branches:
Dungeon (4/15)             Temple (0/1) D:4

Altars:
Kikubaaqudgha
Yredelemnul

Annotations:
D:4 1 runed translucent door, Blork the orc, Dowan, Duvessa


Innate Abilities, Weirdness & Mutations

You cannot wear most types of armour.
You are very stealthy in the water. (Stealth+)
You are amphibious.
You can wear up to eight rings at the same time.
You can use your tentacles to constrict eight enemies at once.
Your skin changes colour to match your surroundings (Stealth+).
Your rubbery body absorbs attacks. (AC +1, EV +1)


Message History

You constrict Duvessa, but do no damage.
You feel sick. Duvessa hits you with a +0 short sword.
You tentacle-slap Duvessa.
Duvessa is moderately wounded.
Your primal bloodlust is almost over.
You constrict Duvessa, but do no damage.
Duvessa barely misses you.
You tentacle-slap Duvessa.
Duvessa is moderately wounded.
You constrict Duvessa. Duvessa misses you.
A leopard gecko comes into view.
You barely miss Duvessa. You squeeze Duvessa, but do no damage.
Duvessa is heavily wounded.
You constrict Duvessa, but do no damage.
You feel sick. Duvessa hits you with a +0 short sword!
You tentacle-slap Duvessa. You squeeze Duvessa.
Duvessa is severely wounded.
You constrict Duvessa. Duvessa hits you with a +0 short sword.
You tentacle-slap Duvessa.
Duvessa is severely wounded.
You constrict Duvessa, but do no damage.
Duvessa hits you but does no damage.
You tentacle-slap Duvessa but do no damage.
Duvessa is severely wounded.
You constrict Duvessa.
You feel sick.
Dowan mumbles some strange words.
Dowan blinks!
Duvessa hits you with a +0 short sword.
* * * LOW HITPOINT WARNING * * *
You tentacle-slap Duvessa but do no damage.
You tentacle-slap Duvessa, but do no damage.
Duvessa is severely wounded.
Your primal bloodlust has ended.
You constrict Duvessa. You block the leopard gecko's attack.
Duvessa hits you with a +0 short sword!
* * * LOW HITPOINT WARNING * * *
You block the leopard gecko's attack.
You tentacle-slap Duvessa but do no damage.
Duvessa is almost dead.
You constrict Duvessa. The leopard gecko bites you.
You die...

.............<#.....# #...
.#####......#.......#.....
.# #......#.####....#
.############.# #..##...#
# ..†....... ..# #.## ##..
#
[################..####..#
#
.........................#
###
................##.#...>..
.. .........
...#..@ee.#..... .########
## #.l###.##.##. ##### .#
#.. ..### ..... ## #.#
##e# ##### .. (§. .... .#.
### #### #.# ### #
###############.#
#...............#


You could see Duvessa, Dowan and a leopard gecko.

Vanquished Creatures
  An ogre (D:3)
  A phantom (D:3)
  A bullfrog (D:4)
  An orc priest (D:3)
  2 worker ants (D:4)
  7 adders
  An adder skeleton (D:4)
  A dart slug (D:1)
  4 leopard geckos
  7 orcs
  2 ball pythons
  9 bats
  5 giant cockroaches
  13 goblins
  9 hobgoblins
  4 jackals
  10 kobolds
  3 quokkas
  6 frilled lizards
  2 gnoll zombies (D:3)
  9 rats
98 creatures vanquished.

Notes
Turn   | Place    | Note
-------+----------+-------------------------------------------
     0 | D:1      | tilp the Octopode Transmuter began the quest for the Orb.
     0 | D:1      | Reached XP level 1. HP: 13/13 MP: 3/3
    69 | D:1      | Reached skill level 1 in Stealth
   126 | D:1      | Reached XP level 2. HP: 18/18 MP: 5/5
   129 | D:1      | Learned a level 2 spell: Wereblood
   793 | D:1      | Reached XP level 3. HP: 23/23 MP: 2/6
  1349 | D:2      | Reached XP level 4. HP: 24/29 MP: 4/7
  2360 | D:3      | Found an ancient bone altar of Kikubaaqudgha.
  2666 | D:3      | Reached skill level 4 in Unarmed Combat
  2666 | D:3      | Reached XP level 5. HP: 24/35 MP: 5/8
  2933 | D:3      | Noticed an ogre
  2933 | D:3      | Noticed a phantom
  2961 | D:3      | Killed an ogre
  2962 | D:3      | Reached XP level 6. HP: 42/42 MP: 6/9
  3397 | D:3      | Found a basalt altar of Yredelemnul.
  3536 | D:4      | Reached skill level 5 in Unarmed Combat
  3721 | D:4      | Noticed Blork the orc
  3930 | D:4      | Reached XP level 7. HP: 41/48 MP: 8/10
  4118 | D:4      | Reached skill level 6 in Unarmed Combat
  4127 | D:4      | Found a runed translucent door.
  4136 | D:4      | Found a staircase to the Ecumenical Temple.
  4136 | D:4      | Noticed Dowan
  4139 | D:4      | Noticed Duvessa
  4159 | D:4      | Slain by a leopard gecko

Illustrated notes

Levels and vault maps discovered:
D:1:      psy_arrival_whirlpool, layout_loops_ring, minmay_misc_feat_five,
          grunt_decor_one_mirror
D:2:      minmay_door_path, layout_basic
D:3:      layout_rooms, lemuel_crystal_altar, lemuel_zombie_altar_yredelemnul,
          serial_corexii_hall, chequers_hall_statues_wall_a,
          corexii_hall_statues_l, minmay_divided_ellipse
D:4:      layout_basic, minmay_temple_entry_wispy,
          ebering_ghost_reflecting_pool, serial_bayou_lake_a, uniq_duvessa,
          uniq_blork_the_orc

Skill      XL: |  1  2  3  4  5  6  7 |
---------------+----------------------+-----
Stealth        | 2 3 4 |  4.0
Fighting       | 2 3 4 |  4.0
Unarmed Combat | 4 5 6 |  6.0
Dodging        | |  2.0
Spellcasting   | |  2.0
Transmutations | |  2.0

Action                   |  1- 3 |  4- 6 |  7- 9 || total
-------------------------+-------+-------+-------++-------
Melee: Unarmed           |    73 |   134 |    33 ||   240
       Constrict         |    20 |    36 |     7 ||    63
       Kick              |     9 |    14 |     4 ||    27
       Punch             |     3 |     5 |     1 ||     9
       Tentacles         |     1 |    22 |     6 ||    29
Throw: Dart              |     1 |    20 |       ||    21
       Boomerang         |       |     1 |       ||     1
 Cast: Beastly Appendage |     5 |    10 |     3 ||    18
       Wereblood         |     2 |     2 |     2 ||     6
  Use: Scroll            |     4 |     5 |       ||     9
 Stab: Sleeping          |     9 |    22 |     1 ||    32
Armor: Skin              |     5 |     6 |     1 ||    12
Dodge: Dodged            |    45 |    46 |    15 ||   106
Block: Other             |     7 |    22 |     4 ||    33

Table legend: (Time is in decaauts)
 A = Elapsed time spent in this place.
 B = Non-inter-level travel time spent in this place.
 C = Inter-level travel time spent in this place.
 D = Time resting spent in this place.
 E = Time spent auto-exploring this place.
 F = Levels seen in this place.
 G = Mean time per level.
                   A        B        C        D        E       F      G
               +--------+--------+--------+--------+--------+-----+--------+
         Total |   4140 |   4077 |     63 |    638 |   2676 |   4 | 1035.0 |
       Dungeon |   4140 |   4077 |     63 |    638 |   2676 |   4 | 1035.0 |
               +--------+--------+--------+--------+--------+-----+--------+

Top non-repeatable levels by time:
     D:2: 1233 daAuts
     D:1: 1145 daAuts
     D:3: 1140 daAuts
     D:4: 621 daAuts
